 Dungeon Crawl Stone Soup version 0.31-a0-507-gbafd7f5274 (webtiles) character file.

Game seed: 7482291071237770681

316 RepHenryClay the Demonspawn-At-Arms (level 6, 0/47 HPs)
             Began as a Demonspawn Monk on Aug 10, 2023.
             Was a Believer of Okawaru.
             Succumbed to a scorpion's poison
             ... on level 3 of the Dungeon.
             The game lasted 00:05:30 (3124 turns).

RepHenryClay the Demonspawn-At-Arms (DsMo)          Turns: 3124, Time: 00:05:31

Health: 0/47       AC: 11    Str: 13    XL:     6   Next: 20%
Magic:  9/9        EV: 11    Int: 11    God:    Okawaru [**....]
Gold:   212        SH:  0    Dex: 16    Spells: 5/5 levels left

rFire   . . .        a - +0 hand axe (elec)
rCold   . . .        d - orb {light}
rNeg    + . .        o - +0 ring mail
rPois   .            (no helmet)
rElec   .            (no cloak)
rCorr   .            j - +0 pair of gloves
SInv    .            (no boots)
Will    .....        (no amulet)
Stlth   +            g - +4 ring of protection
HPRegen 0.27/turn    s - ring of positive energy
MPRegen 0.11/turn

%: no passive effects
@: brilliant, lethally poisoned (0 -> -5), glowing
A: foul stench 2, sharp scales 1, thin skeletal structure 1, clumsy 1, inability
to drink after injury 1
a: Renounce Religion, Heroism


You were on level 3 of the Dungeon.
You worshipped Okawaru.
Okawaru was pleased with you.
You visited 1 branch of the dungeon, and saw 4 of its levels.

You collected 212 gold pieces.

Inventory:

Hand Weapons
 a - a +0 hand axe of electrocution (weapon)
 e - a +0 hand axe
 q - a +0 war axe
 t - the +2 broad axe of the Revolution {heavy, rPois rC+++ Str-5 SInv}
   (You took it off an orc priest on level 4 of the Dungeon)

   Str-5:     It affects your strength (-5).
   rC+++:     It renders you almost immune to cold.
   rPois:     It protects you from poison SInv: It lets you see invisible.
Missiles
 b - 5 poisoned darts
 k - 4 silver javelins
Armour
 d - an orb of light (worn)
 j - a +0 pair of gloves (worn)
 o - a +0 ring mail (worn)
Jewellery
 g - a +4 ring of protection (left hand)
 s - a ring of positive energy (right hand)
Scrolls
 c - a scroll of poison {unknown}
 f - 4 scrolls of teleportation {unknown}
 h - a scroll of fog {unknown}
 i - a scroll of enchant weapon {unknown}
 r - 2 scrolls of identify {unknown}
Potions
 l - a potion of heal wounds
 p - a potion of curing {unknown}


   Skills:
 - Level 3.0 Fighting
 + Level 4.1 Axes
 + Level 2.9 Armour
 - Level 2.6 Dodging
 - Level 5.0 Invocations


You had 5 spell levels left.
You didn't know any spells.
Your spell library contained the following spells:

 Spells                   Type           Power      Damage    Failure   Level
 Apportation              Tloc           0%         N/A       58%         1
 Necrotise                Necr           0%         1d4       58%         1
 Slow                     Hex            0%         N/A       58%         1
 Confusing Touch          Hex            0%         N/A       91%         3
 Inner Flame              Hex/Fire       0%         N/A       91%         3
 Vampiric Draining        Necr           0%         2d6       91%         3
 Flame Wave               Conj/Fire      0%         2d4       100%        4
 Sticky Flame             Conj/Fire      0%         2d3       100%        4
 Summon Small Mammal      Summ           Unusable   N/A       N/A         1

Dungeon Overview and Level Annotations

Branches:
Dungeon (4/15)
 Temple: D:4-7

Altars:
Okawaru

Shops:
D:3 (


Innate Abilities, Weirdness & Mutations

You sometimes emit foul miasma when damaged in melee.
You are partially covered in razor-sharp scales. (AC +1, Slay +1)
You have a somewhat thin skeletal structure. (Dex +2, Stealth+)
You are clumsy. (Dex -2)
You occasionally lose the ability to drink potions when taking damage.


Message History

You barely miss the scorpion.
* * * LOW HITPOINT WARNING * * *
You feel very sick.
The scorpion is no longer moving slowly.
The scorpion is engulfed in dark miasma.
The scorpion looks even sicker.
The scorpion closely misses you.
Huge Dmg: -12%(-5hp) hp: 30%(12hp)
You hit the scorpion.
The scorpion is moderately wounded.
* * * LOW HITPOINT WARNING * * *
You feel very sick.
The scorpion is engulfed in dark miasma.
The scorpion looks even sicker.
The scorpion seems to slow down.
You kill the scorpion!
Okawaru is honoured by your kill.
Training target 5.0 for Invocations reached!
Your Invocations skill increases to level 5!
You need to enable at least one skill for training.
You have reached level 6!
Your demonic ancestry asserts itself...
Sharp scales grow over part of your body.
Huge Dmg: -6%(-3hp) hp: 20%(9hp)
* * * LOW HITPOINT WARNING * * *
You feel very sick.
You climb upwards.
* * * LOW HITPOINT WARNING * * *
You feel very sick.
There is a stone staircase leading down here.
Huge Dmg: -13%(-6hp) hp: 7%(3hp)
There is a lethal amount of poison in your body!
Unknown command.
It was a potion of brilliance.
You feel clever all of a sudden.
* * * LOW HITPOINT WARNING * * *
You feel sick.
Huge Dmg: -2%(-1hp) hp: 5%(2hp) It was a potion of mutation.
You feel extremely strange.
You feel clumsy.
Your bones become slightly less dense.
You occasionally lose the ability to drink potions when taking damage.
You die...

#.....# ##...## ####.#
#...### ##'## #....# ##.##
#.# #.#### #.# #######.###
#.# #.# #.....[...##### #.#
#.# #.###.........# #.#
#.######.##.#....###.# #.#
#..........###...# #.# #.#
########.##.#.(.@###.####.#
#.###.##...........# #.#
####..###.######
#.######......#
#.........##### ###########


There were no monsters in sight!

Vanquished Creatures
  A scorpion (D:4)
  2 orc priests (D:4)
  A hound (D:4)
  Jessica (D:2)
  An orc wizard (D:2)
  2 gnolls (D:2)
  2 adders (D:2)
  2 worms
  3 dart slugs (D:1)
  5 orcs
  4 endoplasms
  2 giant cockroaches (D:2)
  6 goblins
  6 hobgoblins
  5 jackals (D:3)
  6 kobolds
  8 quokkas
  4 ball pythons
  4 bats (D:1)
  2 frilled lizards
  4 rats
71 creatures vanquished.

Notes
Turn   | Place    | Note
-------+----------+-------------------------------------------
     0 | D:1      | RepHenryClay the Demonspawn Monk began the quest for the
                  | Orb.
     0 | D:1      | Reached XP level 1. HP: 18/18 MP: 1/1
   162 | D:1      | Reached skill level 1 in Armour
   162 | D:1      | Gained mutation: You may rarely emit foul miasma when
                  | damaged in melee. [demonic ancestry]
   162 | D:1      | Reached XP level 2. HP: 24/24 MP: 2/2
   763 | D:1      | Reached XP level 3. HP: 29/29 MP: 3/3
  1161 | D:2      | Noticed Jessica
  1169 | D:2      | Killed Jessica
  1170 | D:2      | Reached XP level 4. HP: 31/35 MP: 4/4
  1186 | D:2      | Found an iron altar of Okawaru.
  1222 | D:2      | Became a worshipper of Warmaster Okawaru
  1222 | D:2      | Reached * piety under Okawaru
  1222 | D:2      | Reached ** piety under Okawaru
  1933 | D:2      | Reached skill level 2 in Invocations
  1933 | D:2      | Gained mutation: You sometimes emit foul miasma when
                  | damaged in melee. [demonic ancestry]
  1933 | D:2      | Reached XP level 5. HP: 15/41 MP: 4/6
  2130 | D:3      | Found a faded altar of an unknown god.
  2538 | D:3      | Found Loanweme's Antique Weapon Emporium.
  2973 | D:4      | Identified the +2 broad axe of the Revolution {heavy, rPois
                  | rC+++ Str-5 SInv}
  2975 | D:4      | Reached skill level 3 in Invocations
  2982 | D:4      | Reached skill level 4 in Invocations
  3121 | D:4      | Reached skill level 5 in Invocations
  3121 | D:4      | Gained mutation: You are partially covered in razor-sharp
                  | scales. (AC +1, Slay +1) [demonic ancestry]
  3121 | D:4      | Reached XP level 6. HP: 9/47 MP: 9/9
  3123 | D:3      | HP: 2/47 [poisoned by a scorpion]
  3124 | D:3      | Gained mutation: You are clumsy. (Dex -2) [potion of
                  | mutation]
  3124 | D:3      | Gained mutation: You have a somewhat thin skeletal
                  | structure. (Dex +2, Stealth+) [potion of mutation]
  3124 | D:3      | Gained mutation: You occasionally lose the ability to drink
                  | potions when taking damage. [potion of mutation]
  3124 | D:3      | Succumbed to a scorpion's poison

Illustrated notes

Levels and vault maps discovered:
D:1:      evilmike_arrival_crescent, layout_loops_ring, nrook_loot_triangle
D:2:      wad_woods_stonehenge, layout_loops_ring, minmay_distorted,
          uniq_jessica
D:3:      layout_loops_corners, serial_shops, shop,
          ebering_ecumenical_altar_sacrificial
D:4:      layout_layer_cave, mainiacjoe_overflow_boulevard,
          kennysheep_orc_sif_temple, hangedman_glass_teeth, dk_noncrumbling_3

Skill      XL: |  1  2  3  4  5 |
---------------+----------------+-----
Axes           | 3 4 |  4.1
Armour         | 1 2 |  2.9
Invocations    | 2 5 |  5.0
Fighting       | |  3.0
Dodging        | |  2.6

Action                     |  1- 3 |  4- 6 || total
---------------------------+-------+-------++-------
  Melee: Hand axe          |    94 |   114 ||   208
    Use: Potion            |       |     4 ||     4
   Stab: Sleeping          |     1 |       ||     1
 Armour: Robe              |    32 |    25 ||    57
         Ring mail         |       |    28 ||    28
  Dodge: Dodged            |    59 |    64 ||   123

Table legend: (Time is in decaauts)
 A = Elapsed time spent in this place.
 B = Non-inter-level travel time spent in this place.
 C = Inter-level travel time spent in this place.
 D = Time resting spent in this place.
 E = Time spent auto-exploring this place.
 F = Levels seen in this place.
 G = Mean time per level.
                   A        B        C        D        E       F      G
               +--------+--------+--------+--------+--------+-----+--------+
         Total |   3154 |   3041 |    113 |    231 |   2195 |   4 |  788.5 |
       Dungeon |   3154 |   3041 |    113 |    231 |   2195 |   4 |  788.5 |
               +--------+--------+--------+--------+--------+-----+--------+

Top non-repeatable levels by time:
     D:3: 1076 daAuts
     D:2: 1045 daAuts
     D:1: 877 daAuts
     D:4: 155 daAuts
